 Dungeon Crawl Stone Soup version 0.23-a0-536-g5e0f5a2 (webtiles) character file.

37 Tooki the Sneak (level 3, -1/28 HPs)
             Began as a Naga Air Elementalist on Dec 6, 2018.
             Slain by an orc
             ... wielding a cursed +0 short sword
              (3 damage)
             ... on level 3 of the Dungeon.
             The game lasted 00:03:29 (424 turns).

Tooki the Sneak (Naga Air Elementalist)              Turns: 424, Time: 00:03:30

Health: -1/28      AC:  2    Str: 10    XL:     3   Next: 41%
Magic:  6/6        EV: 10    Int: 21    God:
Gold:   71         SH:  0    Dex: 11    Spells: 5/6 levels left

rFire    . . .     SeeInvis +   d - -1 short sword (curse)
rCold    . . .     Gourm    .   (no shield)
rNeg     . . .     Faith    .   a - +0 robe
rPois    +         Spirit   .   (no helmet)
rElec    .         Reflect  .   (no cloak)
rCorr    .         Harm     .   (no gloves)
MR       .....                  (no barding)
Stlth    ++........             (no amulet)
HPRegen  0.09/turn              (no ring)
MPRegen  0.10/turn              (no ring)

@: brilliant, lethally poisoned (-1 -> -5), about to teleport, very slow
A: large, see invisible, deformed body, poison resistance, slowness 2, slow
metabolism 1, spit poison 1, AC +1
a: Spit Poison


You were on level 3 of the Dungeon.
You were not hungry.

You visited 1 branch of the dungeon, and saw 3 of its levels.

You collected 71 gold pieces.

Inventory:

Hand Weapons
 d - a cursed -1 short sword (weapon)
 j - a +0 war axe
Armour
 a - a +0 robe (worn)
 f - a +0 buckler
 k - a +0 ring mail
Scrolls
 i - 2 scrolls of fog {unknown}
Comestibles
 c - 2 rations


   Skills:
 - Level 1.9 Dodging
 - Level 3.6 Stealth
 - Level 2.2 Spellcasting
 - Level 1.4 Conjurations
 + Level 3.5 Air Magic


You had 5 spell levels left.
You knew the following spells:

 Your Spells              Type           Power        Failure   Level  Hunger
a - Shock                 Conj/Air       ####         1%          1    #......

Your spell library contained the following spells:

 Spells                   Type           Power        Failure   Level  Hunger
 Swiftness                Chrm/Air       ###.....     1%          2    ##.....
 Static Discharge         Conj/Air       ####....     1%          3    ###....
 Airstrike                Air            ####......   4%          4    #####..
 Lightning Bolt           Conj/Air       ####......   16%         5    ######.


Dungeon Overview and Level Annotations

Branches:
Dungeon (3/15)

Altars:
Elyvilon

Annotations:
D:3 Jessica


Innate Abilities, Weirdness & Mutations

You cannot wear boots.
Your serpentine skin is tough. (AC +1)
You have supernaturally acute eyesight. (SInv)
Armour fits poorly on your strangely shaped body.
Your system is resistant to poisons. (rPois)
You cover ground very slowly.
You have a slow metabolism.
You can spit poison.


Message History

You take 3 damage, and have 3/28 hp.
Unknown command.
Unknown command.
Unknown command.
As you read the scroll labeled REHODW AGHEOFA, it crumbles to dust.
It is a scroll of identify.
Really abort (and waste the scroll)? [Y]es or [N]o only, please.
Really abort (and waste the scroll)?
g - a scroll of teleportation The adder bites you.
* * * LOW HITPOINT WARNING * * *
The orc barely misses you. The jackal barely misses you.
You take 1 damage, and have 2/28 hp.
Unknown command.
As you read the scroll of teleportation, it crumbles to dust.
You feel strangely unstable. The adder closely misses you.
The jackal bites you but does no damage.
The orc hits you with a cursed +0 short sword.
You die...

***** **,,,* **,,,,* *,,,*,*
*******,,****######
,,,,,,,,,,,,,,....#######
,,,,,,,,,,,***#.........#
,,,,,,,,,,,*,,+.........#****
*,,****,,,,*,*#.@S.......,,,* ***
,,,***,,,***,##.oh.......**,***,,
,,,*≈*,*,***,#...<.$.....,*,*,,,*
,,,*≈*,*,,,,,###.....#.##,*,,,,,*
*,,,≈,,*,,,,,,,#....##,#*,***,*,*
,,,,≈,,,,,,,,,,......h,,,,,,,,,,,
,,,,≈,,,,,,,,,.......@.****,*,***
,,,*≈*,,,,,,,#.#.........*,,,,*
,,**≈*,,,,,,,#.#<...#h...**,***


You could see an adder, Jessica, an orc and a jackal.

Vanquished Creatures
  2 adders (D:2)
  A leopard gecko (D:1)
  A ball python (D:1)
  2 bats
  2 giant cockroaches
  2 jackals (D:1)
  A quokka (D:2)
  A frilled lizard (D:1)
  4 kobolds
  2 rats
18 creatures vanquished.

Notes
Turn   | Place    | Note
-------+----------+-------------------------------------------
     0 | D:1      | Tooki the Naga Air Elementalist began the quest for the
                  | Orb.
     0 | D:1      | Reached XP level 1. HP: 15/15 MP: 3/3
    63 | D:1      | Reached XP level 2. HP: 11/22 MP: 0/5
   202 | D:2      | Reached XP level 3. HP: 14/28 MP: 1/6
   300 | D:2      | Found a white marble altar of Elyvilon.
   413 | D:2      | Noticed Jessica
   424 | D:3      | Slain by an orc

Vault maps used:
D:1:      onia_arrival_pyramid, minmay_pentomino_x2
D:2:      elyvilon_altar_4, uniq_jessica
D:3:      first_ration, chequers_serial_rivers_micro_a,
          kennysheep_generic_room_13, uniq_ijyb

Action                   || total
-------------------------++-------
Melee: Short sword       ||    11
 Cast: Shock             ||    14
 Abil: Spit Poison       ||    11
  Use: Scroll            ||     3
       Potion            ||     1
Armor: Robe              ||     9
Dodge: Dodged            ||    29

Table legend:
 A = Non-vault XP
 B = Vault XP
 C = Vault XP percentage of total XP
 D = Non-vault monster count
 E = Vault monster count
 F = Vault count percentage of total count
                 A         B        C        D         E       F
            +---------+---------+-------+---------+---------+-------
      Total |      54 |       0 |   0.0 |      18 |       0 |   0.0
            +---------+---------+-------+---------+---------+-------
        D:1 |      19 |       0 |   0.0 |      11 |       0 |   0.0
        D:2 |      35 |       0 |   0.0 |       7 |       0 |   0.0
            +---------+---------+-------+---------+---------+-------
